 Dungeon Crawl Stone Soup version 0.17.1-3-g152610e (webtiles) character file.

58 kaze the Shield-Bearer (level 4, -2/28 HPs)
             Began as a Gargoyle Fighter on Mar 30, 2016.
             Slain by a gnoll
             ... wielding a +0 halberd
              (10 damage)
             ... on level 2 of the Dungeon.
             The game lasted 00:01:44 (1135 turns).

kaze the Shield-Bearer (Gargoyle Fighter)           Turns: 1135, Time: 00:01:44

Health: -2/28      AC: 11    Str: 26    XL:     4   Next: 2%
Magic:  4/4        EV:  8    Int:  8    God:
Gold:   51         SH: 10    Dex:  9    Spells: 0 memorised, 3 levels left

rFire  . . .     SeeInvis .     a - +0 flail
rCold  . . .     Clarity  .     b - +0 scale mail
rNeg   + . .     SustAt   .     c - +0 shield
rPois  ∞         Gourm    .     f - +0 helmet
rElec  +         Spirit   .     (no cloak)
rCorr  .         Warding  .     (no gloves)
rMut   .         Stasis   .     (no boots)
MR     .....                    (no amulet)
Stlth  ..........               (no ring)
                                (no ring)

@: mighty, not resistant to hostile enchantments, extremely unstealthy
A: negative energy resistance 1, electricity resistance, unbreathing,
petrification resistance, rot immunity, AC +3
a: no special abilities


You were on level 2 of the Dungeon.
You were very hungry.

You visited 1 branch of the dungeon, and saw 2 of its levels.

You collected 51 gold pieces.

Inventory:

Hand Weapons
 a - a +0 flail (weapon)
Armour
 b - a +0 scale mail (worn)
 c - a +0 shield (worn)
 f - a +0 helmet (worn)
Scrolls
 g - a scroll of enchant armour {unknown}
 h - 2 scrolls of identify {unknown}
 i - a scroll of fog {unknown}
 j - a scroll of amnesia {unknown}
 l - a scroll of enchant weapon {unknown}
Potions
 m - a potion of brilliance {unknown}
Comestibles
 e - 3 bread rations
 k - a beef jerky


   Skills:
 + Level 3.6 Fighting
 + Level 2.7 Maces & Flails
 + Level 3.5 Armour
 + Level 0.7 Dodging
 + Level 4.0 Shields


You had 3 spell levels left.
You didn't know any spells.

Dungeon Overview and Level Annotations

Branches:
Dungeon (2/15)

Altars:


Innate Abilities, Weirdness & Mutations

You are resistant to torment.
Your stone body is resilient (AC +3).
You are immune to poison.
You resist negative energy.
You are resistant to electric shocks.
You can survive without breathing.
You are immune to petrification.
You are immune to rotting.


Message History

You are too injured to fight recklessly!
You are too injured to fight recklessly!
You are too injured to fight recklessly!
You are too injured to fight recklessly!
You are too injured to fight recklessly!
You are too injured to fight recklessly!
You are too injured to fight recklessly!
You are too injured to fight recklessly!
You are too injured to fight recklessly!
You are too injured to fight recklessly!
You are too injured to fight recklessly!
You are too injured to fight recklessly!
You are too injured to fight recklessly!
You are too injured to fight recklessly!
You are too injured to fight recklessly!
Drink which item? (? for menu, Esc to quit)
You feel very mighty all of a sudden. The gnoll hits you but does no damage.
The gnoll hits you from afar with a halberd!
You die...

#.#....(..(.((#.#
#.#.######......#
#.#..............
#.#######.(.....#
#.......#.......#
#.....#.#.#.....#
#.###.#.#.#######
####.###.#
#.#..........
.!...lg@.#
#.#..........
......gg.#
#.#.....†[.##
......g.##
#.#........#
........#
#.#........#
........#
#...#.######
........# #####^#
........# #.#
######### #.#
#.#######


You could see 4 gnolls and a giant gecko.

Vanquished Creatures
  Robin (D:2)
  A giant gecko (D:1)
  5 hobgoblins
  A quokka (D:2)
  A ball python (D:1)
  6 bats (D:1)
  A giant cockroach (D:1)
  2 giant newts (D:1)
  16 goblins
  4 kobolds
  7 rats
45 creatures vanquished.

Notes
Turn   | Place    | Note
--------------------------------------------------------------
     0 | D:1      | kaze the Gargoyle Fighter began the quest for the Orb.
     0 | D:1      | Reached XP level 1. HP: 14/14 MP: 1/1
   242 | D:1      | Reached XP level 2. HP: 17/19 MP: 2/2
   665 | D:1      | Reached XP level 3. HP: 21/23 MP: 3/3
   947 | D:2      | Noticed Robin
   953 | D:2      | Killed Robin
  1046 | D:2      | Reached skill level 4 in Shields
  1046 | D:2      | Reached XP level 4. HP: 23/28 MP: 4/4
  1135 | D:2      | Slain by a gnoll

Action                   |  1- 3 |  4- 6 || total
-------------------------+-------+-------++-------
Melee: Flail             |   137 |    12 ||   149
  Use: Potion            |       |     1 ||     1
